 Seeded DCSS version 0.30-a0-177-g1cb5dbfd7a (webtiles) character file.

Game seed: 12390519720951257836 (custom seed)

7 billz999 the Ruffian (level 1, 0/22 HPs)
             Began as a Troll Monk on Oct 3, 2022.
             Succumbed to a goblin's poison
             ... on level 1 of the Dungeon.
             The game lasted 00:00:10 (80 turns).

billz999 the Ruffian (Troll Monk)                     Turns: 80, Time: 00:00:11

Health: 0/22       AC:  4    Str: 18    XL:     1   Next: 83%
Magic:  0/0        EV: 10    Int:  6    God:
Gold:   12         SH:  0    Dex: 12    Spells: 0/0 levels left

rFire   . . .      SeeInvis .      - Unarmed
rCold   . . .      Faith    .    (no shield)
rNeg    . . .      Spirit   .    a - +0 robe
rPois   .          Reflect  .    (helmet restricted)
rElec   .          Harm     .    (no cloak)
rCorr   .          Rampage  .    (gloves unavailable)
Will    .....                    (boots unavailable)
Stlth   ++........               (no amulet)
HPRegen 1.03/turn                (no ring)
MPRegen 0.07/turn                (no ring)

@: lethally poisoned (0 -> -12)
A: large, unfitting armour, claws 3, regeneration 1, shaggy fur 1, tough skin 1
a: no special abilities


You were on level 1 of the Dungeon.
You visited 1 branch of the dungeon, and saw 1 of its levels.

You collected 12 gold pieces.

Inventory:

Armour
 a - a +0 robe (worn)
Scrolls
 c - a scroll of magic mapping {unknown}
Potions
 b - a potion of ambrosia


   Skills:
 + Level 2.5 Fighting
 + Level 2.5 Dodging
 + Level 1.1 Stealth
 + Level 3.1 Unarmed Combat


You couldn't memorise any spells.
You didn't know any spells.
Your spell library was empty.

Dungeon Overview and Level Annotations

Branches:
Dungeon (1/15)

Altars:


Innate Abilities, Weirdness & Mutations

You are too large for most types of armour.
You have claws for hands.
Your natural rate of healing is unusually fast.
You are covered in fur. (AC +1)
You have tough skin. (AC +1)


Message History

You open the door.
A goblin comes into view. It is wielding a +0 club.
A goblin, a bat and a ball python come into view.
The goblin is wielding a +0 dagger of venom.
Found 10 gold pieces.
The goblin shouts!
The ball python hisses angrily.
The goblin shouts!
There is an open door here.
There are monsters nearby!
The goblin hits you with a +0 dagger of venom.
There are monsters nearby!
You miss the goblin. The bat hits you but does no damage.
The goblin hits you with a +0 dagger of venom.
There are monsters nearby!
You claw the ball python!
You kill the ball python!
The bat barely misses you.
The goblin hits you with a +0 dagger of venom.
You are poisoned.
You claw the bat!
You kill the bat!
You feel very sick. The goblin hits you with a +0 club.
The goblin barely misses you.
You scratch the goblin.
The goblin is moderately wounded.
You feel sick. The goblin hits you with a +0 club.
The goblin closely misses you.
You scratch the goblin.
The goblin is severely wounded.
You feel sick. The goblin hits you with a +0 club.
The goblin hits you with a +0 dagger of venom.
You are more poisoned.
You are too injured to fight recklessly!
You are too injured to fight recklessly!
The goblin attacks as you move away!
The goblin hits you with a +0 dagger of venom.
You are lethally poisoned!
* * * LOW HITPOINT WARNING * * *
You feel very sick.
There is an open door here.
You die...

#...†.....#
#....†....#
##.........#########
#........###........
#........# #........
#........###.....$..
#.........##........
#.......#..#g.......
#.......##@'g.......
#....)..####........
######### #........
#........ #........
#........ #########


You could see 2 goblins.

Vanquished Creatures
  A bat (D:1)
  A hobgoblin (D:1)
  A kobold (D:1)
  A ball python (D:1)
  A frilled lizard (D:1)
  2 rats (D:1)
7 creatures vanquished.

Notes
Turn   | Place    | Note
-------+----------+-------------------------------------------
     0 | D:1      | billz999 the Troll Monk began the quest for the Orb.
     0 | D:1      | Reached XP level 1. HP: 22/22 MP: 0/0
    80 | D:1      | Succumbed to a goblin's poison

Illustrated notes

Levels and vault maps discovered:
D:1:      lightli_arrival_windingriver, layout_basic

Action                   || total
-------------------------++-------
Melee: Unarmed           ||    13
Armor: Robe              ||     3
Dodge: Dodged            ||     5

Table legend: (Time is in decaauts)
 A = Elapsed time spent in this place.
 B = Non-inter-level travel time spent in this place.
 C = Inter-level travel time spent in this place.
 D = Time resting spent in this place.
 E = Time spent auto-exploring this place.
 F = Levels seen in this place.
 G = Mean time per level.
                   A        B        C        D        E       F      G
               +--------+--------+--------+--------+--------+-----+--------+
         Total |     81 |     81 |      0 |      0 |     48 |   1 |   81.0 |
       Dungeon |     81 |     81 |      0 |      0 |     48 |   1 |   81.0 |
               +--------+--------+--------+--------+--------+-----+--------+

Top non-repeatable levels by time:
     D:1: 81 daAuts
